Map: Frozen Temple

Players

viOLet

  • Race: Zerg Zerg

Major (SpeCial) - Winner!

  • Race: Terran Terran

Event: 2016 WCS Summer Circuit Championship (DH Montreal)

VOD

https://www.youtube.com/watch?v=IdXd7zX-3qw

Description

Time

  • Played on: Aug. 13, 2016, 11:57 a.m.
  • Length: 13:53

All games in this series

Show
View Real Time Build Order
Export as new Build Order

viOLet Zerg 

Build Orders: Pool First 

Get SALT Encoding   

  12  0:00  Drone  
  13  0:12  Overlord  
  13  0:18  Drone  
  14  0:31  Drone x2  
  14  0:35  Drone  
  17  0:45  Spawning Pool  
  17  0:47  Drone  
  17  1:08  Hatchery  
  17  1:11  Drone  
  17  1:25  Extractor  
  16  1:31  Queen, Zergling x6  
  21  1:42  Overlord  
  21  1:54  Drone  
  22  2:04  Drone  
  22  2:07  Queen  
  25  2:18  Drone  
  25  2:20  Queen  
  28  2:24  Drone  
  29  2:35  Metabolic Boost  
  29  2:38  Drone x2  
  29  2:42  Drone x3  
  29  2:43  Drone  
  35  2:47  Overlord  
  35  2:53  Drone  
  36  3:04  Queen  
  38  3:06  Drone  
  38  3:07  Drone  
  38  3:08  Overlord  
  40  3:17  Drone x4  
  44  3:28  Drone x4  
  48  3:38  Hatchery  
  46  3:43  Queen  
  48  3:49  Queen  
  48  3:52  Overlord  
  51  3:55  Zergling x2  
  51  4:01  Zergling x2  
  50  4:05  Zergling x2  
  50  4:11  Drone x3  
  53  4:19  Spore Crawler  
  53  4:20  Drone, Spore Crawler  
  53  4:21  Drone x6  
  58  4:24  Extractor  
  58  4:27  Drone x2  
  59  4:39  Evolution Chamber  
  59  4:40  Evolution Chamber  
  59  4:44  Drone x2  
  59  4:49  Drone  
  59  4:52  Drone  
  61  4:53  Drone x4  
  61  4:59  Drone  
  66  5:00  Overlord x2  
  66  5:07  Zerg Ground Armor Level 1, Zerg Melee Weapons Level 1, Spore Crawler  
  65  5:14  Overlord  
  65  5:19  Drone x4  
  65  5:20  Drone x2  
  71  5:22  Drone  
  71  5:23  Baneling Nest  
  71  5:29  Drone  
  71  5:32  Queen  
  71  5:34  Zergling x12  
  79  5:44  Zergling x8  
  79  5:46  Lair  
  83  6:05  Zergling x2  
  83  6:06  Zergling x12  
  81  6:20  Zergling x2  
  81  6:21  Zergling x8  
  81  6:22  Zergling x4  
  73  6:34  Drone  
  73  6:35  Drone x6  
  80  6:42  Baneling x4  
  79  6:51  Hatchery  
  78  7:03  Zergling x14  
  78  7:08  Hatchery  
  84  7:13  Zergling x8  
  88  7:22  Zerg Ground Armor Level 2  
  88  7:25  Zerg Melee Weapons Level 2  
  88  7:31  Zergling x2  
  88  7:32  Zergling x2  
  88  7:35  Queen  
  88  7:39  Drone x2  
  88  7:40  Drone  
  87  7:47  Drone x2  
  87  7:48  Drone x2, Overlord x2  
  88  7:58  Roach Warren  
  87  7:59  Baneling x7  
  87  8:01  Queen  
  87  8:02  Queen  
  91  8:05  Overlord x2  
  91  8:06  Overlord  
  91  8:10  Queen  
  91  8:11  Spore Crawler  
  92  8:20  Extractor  
  92  8:23  Drone  
  92  8:24  Drone x11  
  103  8:29  Spore Crawler  
  92  8:35  Zergling x8  
  92  8:40  Roach x6  
  98  8:46  Zergling x2  
  90  8:48  Zergling x2  
  90  8:49  Zergling x2  
  90  8:52  Roach x2  
  90  8:55  Drone x3  
  90  9:00  Glial Reconstitution  
  91  9:03  Drone x4  
  91  9:04  Drone x2  
  97  9:14  Drone x2  
  97  9:15  Drone x2, Overseer  
  101  9:19  Ravager x2  
  101  9:22  Drone x2  
  104  9:25  Queen  
  104  9:26  Drone x4  
  104  9:27  Drone  
  109  9:34  Roach x2  
  109  9:35  Roach x3  
  109  9:38  Drone x5  
  124  9:39  Extractor  
  124  9:44  Queen  
  121  9:47  Zerg Missile Weapons Level 1, Drone x2  
  121  9:48  Drone  
  123  10:00  Drone x7  
  123  10:04  Extractor  
  123  10:05  Extractor  
  124  10:16  Drone x3  
  124  10:17  Drone x9  
  132  10:23  Spire  
  131  10:33  Zergling x18  
  140  10:39  Zergling x2  
  138  10:48  Drone  
  138  10:49  Drone x9  
  135  10:59  Drone x6  
  135  11:02  Spore Crawler  
  135  11:03  Spore Crawler  
  139  11:08  Zergling x8  
  135  11:20  Zergling x2  
  135  11:21  Zergling x12  
  140  11:26  Evolution Chamber  
  140  11:30  Zergling x2  
  140  11:31  Zergling x14  
  138  11:34  Queen x2  
  139  11:44  Overlord x3  
  138  11:49  Corruptor x2  
  139  12:03  Corruptor x3  
  139  12:04  Corruptor x5  
  148  12:08  Overseer  
  148  12:12  Corruptor  
  150  12:26  Hatchery  
  137  12:37  Hatchery  
  137  12:42  Corruptor  
  137  12:43  Corruptor x3  
  144  13:06  Pneumatized Carapace, Hatchery  
  143  13:13  Corruptor x2  
  145  13:22  Roach x3  
  145  13:23  Overlord  
  150  13:27  Baneling  
  150  13:30  Extractor x2  
Show
View Real Time Build Order
Export as new Build Order

Major Terran - Winner!

Build Orders: Reaper Expand, Hellion Banshee 

Get SALT Encoding   

  12  0:00  SCV  
  13  0:13  SCV  
  14  0:17  Supply Depot  
  14  0:25  SCV  
  15  0:29  Refinery  
  15  0:39  SCV  
  16  0:44  Barracks  
  16  0:51  SCV  
  17  1:03  SCV  
  18  1:15  SCV  
  19  1:32  Reaper, Orbital Command  
  20  1:43  Command Center  
  20  1:54  Factory  
  20  1:58  SCV  
  21  2:07  Barracks Reactor  
  21  2:08  Supply Depot  
  21  2:11  SCV  
  22  2:24  SCV  
  23  2:36  SCV  
  24  2:44  Bunker  
  24  2:48  Starport, SCV  
  25  2:51  Refinery  
  25  2:54  Hellion x2  
  25  2:56  Barracks Tech Lab  
  29  3:00  SCV  
  29  3:02  Orbital Command  
  30  3:12  SCV  
  31  3:16  Hellion x2  
  35  3:24  SCV  
  36  3:29  SCV  
  36  3:31  Banshee  
  36  3:32  Barracks Reactor  
  40  3:36  SCV  
  40  3:37  Supply Depot  
  41  3:43  SCV  
  41  3:48  Hellion, SCV  
  44  3:55  SCV  
  46  3:59  Hellion  
  46  4:00  SCV  
  49  4:04  Supply Depot  
  49  4:07  SCV  
  50  4:12  SCV  
  50  4:15  Liberator  
  50  4:19  SCV  
  53  4:24  Hellion  
  53  4:25  SCV  
  53  4:26  Hellion  
  53  4:27  Command Center  
  53  4:28  Liberator, Supply Depot  
  56  4:31  SCV  
  60  4:44  SCV  
  62  4:51  Hellion x2  
  61  4:52  SCV  
  61  4:54  Supply Depot  
  61  4:56  SCV  
  62  5:03  Armory  
  62  5:05  Refinery, SCV  
  63  5:07  Refinery  
  63  5:08  SCV  
  63  5:12  Hellion x2, Liberator  
  68  5:17  SCV  
  68  5:20  SCV  
  70  5:21  Liberator, Supply Depot  
  70  5:29  SCV  
  74  5:41  SCV  
  74  5:42  SCV  
  79  5:45  Orbital Command  
  79  5:47  Hellion x2  
  83  5:51  Supply Depot  
  83  5:54  Terran Ship Weapons Level 1  
  83  5:55  SCV x2  
  85  6:06  Starport  
  85  6:07  Refinery  
  85  6:08  Hellion x2  
  85  6:09  Liberator x2  
  85  6:10  Refinery  
  85  6:11  SCV x2  
  91  6:21  SCV  
  91  6:23  SCV x2  
  84  6:30  Hellion x2  
  88  6:33  SCV  
  88  6:35  SCV x2  
  88  6:37  Starport  
  88  6:38  Barracks Tech Lab  
  91  6:45  SCV  
  92  6:47  SCV x2  
  92  6:50  Supply Depot  
  92  6:51  Hellion x2  
  92  6:52  Liberator x2  
  98  6:57  SCV  
  98  7:01  SCV x2  
  98  7:07  Banshee  
  101  7:09  SCV  
  101  7:12  Hellion x2  
  101  7:13  Supply Depot  
  112  7:18  SCV x2  
  114  7:26  Factory  
  114  7:34  Hellion  
  114  7:35  Hellion  
  118  7:38  Liberator, Banshee  
  118  7:41  Supply Depot  
  118  7:43  Supply Depot, Armory, SCV x3  
  121  7:46  Liberator  
  121  7:50  Banshee, Supply Depot  
  118  7:51  Supply Depot  
  118  7:55  Hellion, SCV x2  
  118  7:58  Terran Ship Weapons Level 2  
  125  8:03  Hellion  
  130  8:06  Engineering Bay  
  130  8:10  Factory Tech Lab  
  130  8:17  Hellion, Supply Depot  
  130  8:18  Supply Depot  
  132  8:20  Fusion Core  
  132  8:22  Command Center, Banshee  
  132  8:23  Liberator  
  132  8:25  Hellion  
  131  8:34  Hellion  
  131  8:38  Hellion  
  131  8:39  SCV x3  
  131  8:40  Banshee  
  129  8:46  Liberator, Hellion  
  114  8:51  SCV x3  
  109  9:01  Hellion x2  
  111  9:03  SCV x3  
  111  9:05  Banshee  
  111  9:08  Liberator  
  111  9:09  Terran Vehicle And Ship Armor Level 1  
  120  9:11  Advanced Ballistics  
  120  9:15  SCV x3  
  123  9:21  Hellion  
  123  9:22  Hellion x2  
  129  9:26  Banshee  
  129  9:27  SCV  
  136  9:32  Liberator  
  136  9:37  Planetary Fortress  
  136  9:38  SCV  
  136  9:39  SCV  
  136  9:43  Hellion  
  136  9:44  Hellion x2  
  144  9:50  Banshee  
  150  9:56  Liberator  
  150  10:04  Hellion, SCV x3  
  150  10:07  Supply Depot, Refinery x2  
  155  10:09  Hellion x2, Banshee  
  155  10:24  Hyperflight Rotors  
  155  10:25  Hellion  
  157  10:28  Starport  
  157  10:29  SCV x2  
  157  10:30  Hellion x2  
  157  10:32  Supply Depot  
  157  10:33  Banshee  
  157  10:35  Liberator  
  157  10:39  Liberator  
  157  10:40  Hellion x2  
  157  10:41  Cloaking Field  
  157  10:47  Hellion  
  157  10:52  Hellion x2  
  157  10:56  Banshee  
  158  11:05  Terran Ship Weapons Level 3  
  158  11:08  Hellion  
  158  11:12  Command Center, Supply Depot  
  158  11:13  Missile Turret, Hellion x2  
  158  11:14  Missile Turret  
  158  11:16  Banshee  
  165  11:18  Liberator, Infernal Pre-Igniter  
  165  11:19  Starport Tech Lab  
  165  11:21  Liberator  
  165  11:22  Starport  
  165  11:29  Hellion  
  165  11:34  Hellion  
  165  11:39  Hellion  
  165  11:47  Command Center  
  160  11:51  Hellion  
  162  11:56  Hellion  
  162  12:00  Hellion  
  102  12:01  Liberator  
  166  12:04  Liberator  
  165  12:12  Hellion  
  165  12:13  Starport Reactor  
  166  12:17  Hellion  
  166  12:20  Viking x3  
  166  12:22  Hellion  
  179  12:28  Orbital Command  
  172  12:32  Supply Depot  
  172  12:34  Hellion  
  174  12:39  Hellion  
  174  12:43  Hellion  
  178  12:45  Missile Turret  
  178  12:46  Missile Turret  
  178  12:47  Missile Turret  
  178  12:50  Viking x3  
  181  12:52  Viking x2  
  185  13:01  Viking  
  185  13:04  Viking  
  177  13:20  Viking x3  
  177  13:22  Viking x2  
  177  13:27  Hellion x2  
  193  13:36  Missile Turret  
Tags
 
Add a new tag
Caveats
  • Supply blocks, unpowered buildings, or Contaminate may cause inaccurate times.
  • Supply counts are checked every 10 seconds.